 Dungeon Crawl Stone Soup version 0.29-a0-878-g7b45a56547 (webtiles) character file.

Game seed: 6079487048814322230

893 buhh the Insei (level 8, -1/69 HPs)
             Began as a Meteoran Transmuter on July 19, 2022.
             Was a Follower of Okawaru.
             Engulfed by a steam dragon's steam (8 damage)
             ... on level 6 of the Dungeon.
             The game lasted 00:08:14 (2287 turns).

buhh the Insei (Meteoran Transmuter)                Turns: 2287, Time: 00:08:15

Health: -1/69      AC:  2    Str: 10 (13) XL:     8   Next: 52%
Magic:  6/13       EV: 23    Int: 15 (16) God:    Okawaru [*.....]
Gold:   15         SH:  0    Dex: 16 (19) Spells: 6/12 levels left

rFire   . . .      SeeInvis +     - Unarmed
rCold   . . .      Faith    .   (shield currently unavailable)
rNeg    . . .      Spirit   .   (body armour currently unavailable)
rPois   x          Reflect  .   (helmet currently unavailable)
rElec   .          Harm     .   (cloak currently unavailable)
rCorr   .          Rampage  .   (gloves currently unavailable)
Will    +....                   (boots currently unavailable)
Stlth   +.........              f - amulet of regeneration
HPRegen 1.01/turn               b - ring of see invisible
MPRegen 0.13/turn               (no ring)

@: spider-form (expiring), very slightly contaminated, glowing
A: venomous fangs, tiny, sense surroundings 1, otherworldly, glowing, explore
regen
a: End Transformation, Renounce Religion, Heroism


You were on level 6 of the Dungeon.
You worshipped Okawaru.
Okawaru was aware of your devotion.
You were a venomous arachnid creature.
You visited 1 branch of the dungeon, and saw 6 of its levels.

You collected 196 gold pieces.
You spent 181 gold pieces at shops.

Inventory:

Armour
 a - a +0 robe (melded)
Magical Staves
 s - a staff of cold
Jewellery
 b - a ring of see invisible (left front leg)
 f - an amulet of regeneration (around neck)
 i - an amulet of reflection
Wands
 D - a wand of paralysis (3)
 E - a wand of flame (20)
Scrolls
 c - a scroll of silence {unknown}
 d - 2 scrolls of poison {unknown}
 j - a scroll of magic mapping {unknown}
 l - 3 scrolls of identify {unknown}
 m - 2 scrolls of teleportation {unknown}
 p - a scroll of immolation {unknown}
 q - a scroll of fear {unknown}
 r - a scroll of enchant armour {unknown}
Potions
 e - a potion of brilliance {unknown}
 g - a potion of degeneration
 k - a potion of cancellation {unknown}
 n - 3 potions of lignification {!d}
 o - a potion of mutation {unknown}


   Skills:
 + Level 5.5 Fighting
 + Level 6.5 Dodging
 + Level 7.0 Unarmed Combat
 - Level 2.8 Spellcasting
 + Level 2.6 Transmutations


You had 6 spell levels left.
You knew the following spells:

 Your Spells              Type           Power      Damage    Failure   Level
a - Beastly Appendage     Tmut           20%        N/A       19%         1
b - Wereblood             Tmut           10%        N/A       26%         2
c - Spider Form           Tmut/Pois      6%         N/A       56%         3

Your spell library contained the following spells:

 Spells                   Type           Power      Damage    Failure   Level
 Magic Dart               Conj           8%         1d3       41%         1
 Searing Ray              Conj           4%         2d4       52%         2
 Ice Form                 Ice/Tmut       6%         N/A       89%         4
 Fulminant Prism          Conj/Hex       1%         3d6       97%         4


Dungeon Overview and Level Annotations

Branches:
Dungeon (6/15) Zot: 1330   Temple (0/1) D:5

Altars:
Elyvilon
Okawaru
Sif Muna
Vehumet
Xom
Zin
The Shining One

Shops:
D:3 [   D:4 !   D:5 *


Innate Abilities, Weirdness & Mutations

You are a venomous arachnid creature.
You have poisonous fangs.
You are tiny and dextrous.
Your spellcasting is less reliable in this form.
Your armour is entirely melded.
You are incapable of wielding weapons or throwing items.
You passively map a small area around you.
You are easily found by Zot.
You glow in the dark.
You regain HP and MP as you explore.


Message History

You are engulfed in a cloud of scalding steam.
You hit the steam dragon.
The steam dragon looks as sick as possible!
The steam dragon is moderately wounded.
You are engulfed in a cloud of scalding steam.
The steam dragon barely misses you. The steam dragon misses you.
You bite the steam dragon!
The steam dragon is heavily wounded.
You are engulfed in a cloud of scalding steam.
A gnoll comes into view. It is wielding a +0 whip.
The steam dragon breathes steam at you. The ball of steam hits you!
* * * LOW HITPOINT WARNING * * *
The gnoll moves out of view.
You hear a shout!
It was a potion of degeneration.
There was something very wrong with that liquid.
You feel weakened.
You feel dopey.
You feel clumsy.
You hear a shout!
The steam dragon misses you. The steam dragon barely misses you.
It was a potion of curing.
You feel better.
v - a potion of curing Your transformation is almost over.
The steam dragon completely misses you. The steam dragon claws you.
* * * LOW HITPOINT WARNING * * *
An iguana comes into view.
You barely miss the steam dragon.
The steam dragon is severely wounded.
The steam dragon breathes steam at you. The ball of steam hits you!
* * * LOW HITPOINT WARNING * * *
You feel better.
You are engulfed in a cloud of scalding steam.
* * * LOW HITPOINT WARNING * * *
The gnoll barely misses you. The steam dragon closely misses you.
The steam dragon completely misses you.
You hit the steam dragon.
The steam dragon is severely wounded.
You are engulfed in a cloud of scalding steam.
You die...

* , , **, #,
,#. * , , , #..
,*,. , .##..##*
* ..#
.......####..#
, *
#....Ds.§§.# *
#....##g....# ,
#...§,*.#§§...,
* , #.... ,..
#.## ......,
... ,.. *
#.##... ,l... .
, . .... .....
, , ,#....
.##### ,, , ,


You could see a steam dragon (very poisoned), an iguana and a gnoll.

Vanquished Creatures
  A wyvern (D:5)
  A steam dragon (D:4)
  A water moccasin (D:5)
  2 ogres (D:4)
  A jelly (D:5)
  2 hounds
  An orc priest (D:3)
  4 iguanas
  7 adders
  An ufetubus (D:4)
  A worm (D:4)
  2 dart slugs
  3 orcs
  5 ball pythons
  7 endoplasms
  A giant cockroach (D:2)
  5 hobgoblins
  7 kobolds
  A quokka (D:2)
  4 bats
  3 frilled lizards (D:1)
  3 goblins
  4 rats
67 creatures vanquished.

Vanquished Creatures (others)
  An ufetubus (D:6)
1 creature vanquished.

Grand Total: 68 creatures vanquished

Notes
Turn   | Place    | Note
-------+----------+-------------------------------------------
     0 | D:1      | buhh the Meteoran Transmuter began the quest for the Orb.
     0 | D:1      | Reached XP level 1. HP: 16/16 MP: 5/5
   141 | D:1      | Reached XP level 2. HP: 23/23 MP: 4/6
   501 | D:1      | Glimpsed the power of Zot.
   708 | D:2      | Reached XP level 3. HP: 23/29 MP: 8/8
   711 | D:2      | Learned a level 2 spell: Wereblood
   715 | D:2      | Learned a level 3 spell: Spider Form
   769 | D:2      | Reached skill level 4 in Unarmed Combat
  1062 | D:3      | Found a shimmering altar of Xom.
  1091 | D:3      | Found Tisocu's Armour Emporium.
  1224 | D:3      | Reached XP level 4. HP: 11/37 MP: 9/9
  1300 | D:3      | Reached XP level 5. HP: 38/42 MP: 10/10
  1313 | D:3      | Found a radiant altar of Vehumet.
  1449 | D:4      | Found Eczil's Distillery.
  1455 | D:4      | Bought 2 potions of lignification for 66 gold pieces
  1505 | D:4      | Noticed an ogre
  1513 | D:4      | Killed an ogre
  1514 | D:4      | Reached skill level 5 in Unarmed Combat
  1514 | D:4      | Reached XP level 6. HP: 51/51 MP: 7/11
  1611 | D:4      | Found an iron altar of Okawaru.
  1632 | D:4      | Became a worshipper of Warmaster Okawaru
  1645 | D:5      | Entered Level 5 of the Dungeon
  1754 | D:4      | Noticed an ogre
  1763 | D:4      | Killed an ogre
  1764 | D:4      | Reached skill level 5 in Dodging
  1764 | D:4      | Reached XP level 7. HP: 12/59 MP: 8/12
  1860 | D:4      | Noticed a steam dragon
  1869 | D:4      | Killed a steam dragon
  1870 | D:4      | Reached skill level 6 in Unarmed Combat
  1941 | D:5      | Found a white marble altar of Elyvilon.
  1941 | D:5      | Found a glowing golden altar of the Shining One.
  1943 | D:5      | Found a glowing silver altar of Zin.
  2000 | D:5      | Noticed a wyvern
  2012 | D:5      | Killed a wyvern
  2013 | D:5      | Reached skill level 5 in Fighting
  2013 | D:5      | Reached XP level 8. HP: 40/68 MP: 10/13
  2035 | D:5      | Reached * piety under Okawaru
  2102 | D:5      | Found a shimmering blue altar of Sif Muna.
  2125 | D:5      | Reached skill level 7 in Unarmed Combat
  2233 | D:5      | Found Miasam's Assorted Antiques.
  2237 | D:5      | Bought a scroll labelled AFOC DUUXIYSM for 23 gold pieces
  2237 | D:5      | Bought a scroll labelled KUJUOR ORCHEG for 23 gold pieces
  2237 | D:5      | Bought a scroll labelled PYIFY IPHA for 23 gold pieces
  2237 | D:5      | Bought a scroll labelled UPSYCO SENUEC for 23 gold pieces
  2237 | D:5      | Bought a scroll labelled INIRRIH AFOE for 23 gold pieces
  2275 | D:6      | Noticed a steam dragon
  2287 | D:6      | Engulfed by a steam dragon's steam

Illustrated notes

Levels and vault maps discovered:
D:1:      matt_arrival_spirals, layout_basic, chequers_serial_rivers_micro_c
D:2:      layout_basic, basic_altar, hellmonk_ecumenical_altar_zigzags
D:3:      layout_loops_ring, xom_teletrap_fun,
          mainiacjoe_overflow_six_doors_small, serial_shops,
          nicolae_shop_competitors_out_of_business
D:4:      nicolae_cairo_tiling, layout_loops_ring,
          mainiacjoe_overflow_surrounded_room, serial_shops,
          nicolae_stop_n_shop_1, kennysheep_doodads, minmay_crystal_water,
          minmay_fractal_squares_gapless_5
D:5:      minmay_evil_eye, layout_basic, dreamdust_divine_triumvirate,
          mainiacjoe_overflow_paths, minmay_temple_entry_butterflies,
          serial_shops, nicolae_shop_trees
D:6:      layout_rooms, nzn_wu_jian_council_hall, portal_sewer_entry_a,
          uniq_maggie

Skill      XL: |  1  2  3  4  5  6  7  8 |
---------------+-------------------------+-----
Unarmed Combat | 4 5 6 7 |  7.0
Dodging        | 3 4 5 6 |  6.5
Fighting       | 2 3 4 5 |  5.5
Spellcasting   | |  2.8
Transmutations | |  2.6

Action                   |  1- 3 |  4- 6 |  7- 9 || total
-------------------------+-------+-------+-------++-------
Melee: Unarmed           |    68 |    69 |    62 ||   199
       Headbutt          |    12 |     6 |     1 ||    19
       Kick              |    14 |    11 |       ||    25
       Punch             |     1 |     2 |       ||     3
 Cast: Beastly Appendage |    24 |     8 |     1 ||    33
       Spider Form       |       |     2 |     8 ||    10
       Wereblood         |       |     1 |       ||     1
Evoke: Wand              |       |       |     4 ||     4
  Use: Potion            |       |       |     4 ||     4
 Stab: Paralysed         |       |       |     5 ||     5
Armor: Robe              |    24 |     7 |     2 ||    33
       Skin              |       |     1 |     6 ||     7
Dodge: Dodged            |    37 |    34 |    42 ||   113

Table legend: (Time is in decaauts)
 A = Elapsed time spent in this place.
 B = Non-inter-level travel time spent in this place.
 C = Inter-level travel time spent in this place.
 D = Time resting spent in this place.
 E = Time spent auto-exploring this place.
 F = Levels seen in this place.
 G = Mean time per level.
                   A        B        C        D        E       F      G
               +--------+--------+--------+--------+--------+-----+--------+
         Total |   2269 |   2217 |     52 |     19 |    858 |   6 |  378.2 |
       Dungeon |   2269 |   2217 |     52 |     19 |    858 |   6 |  378.2 |
               +--------+--------+--------+--------+--------+-----+--------+

Top non-repeatable levels by time:
     D:2: 519 daAuts
     D:1: 518 daAuts
     D:4: 492 daAuts
     D:3: 382 daAuts
     D:5: 343 daAuts
     D:6: 13 daAuts
